 Dungeon Crawl Stone Soup version 0.22-a0-417-g1387785 (webtiles) character file.

105 Borgoz the Skirmisher (level 4, 0/29 HPs)
             Began as a Gargoyle Abyssal Knight on May 14, 2018.
             Was a Believer of Lugonu.
             Slain by a worker ant (3 damage)
             ... on level 5 of the Dungeon.
             The game lasted 00:04:23 (2317 turns).

Borgoz the Skirmisher (Gargoyle Abyssal Knight)     Turns: 2317, Time: 00:04:24

Health: 0/29       AC:  6    Str: 13 (15) XL:     4   Next: 83%
Magic:  6/6        EV: 12    Int: 12 (13) God:    Lugonu [**....]
Gold:   118        SH:  0    Dex:  9 (10) Spells: 3/3 levels left

rFire    . . .     SeeInvis .   a - +1 hand axe
rCold    . . .     Gourm    .   (no shield)
rNeg     + . .     Faith    .   o - +0 animal skin
rPois    ∞         Spirit   .   n - +0 helmet
rElec    +         Reflect  .   (no cloak)
rCorr    .         Harm     .   (no gloves)
MR       .....                  (no boots)
Stlth    +.........             (no amulet)
HPRegen  0.09/turn              (no ring)
MPRegen  0.10/turn              (no ring)

@: no status effects
A: negative energy resistance 1, electricity resistance, unbreathing,
petrification resistance, rot immunity, AC +3
a: Depart the Abyss, Bend Space, Renounce Religion


You were on level 5 of the Dungeon.
You worshipped Lugonu.
Lugonu was pleased with you.
You were near starving.

You visited 1 branch of the dungeon, and saw 5 of its levels.
You visited the Abyss 1 time.

You collected 118 gold pieces.

Inventory:

Hand Weapons
 a - a +1 hand axe (weapon)
Armour
 n - a +0 helmet (worn)
 o - a +0 animal skin (worn)
Scrolls
 b - a scroll of fear {unknown}
 e - a scroll of random uselessness {unknown}
 f - a scroll of identify {unknown}
 i - 3 scrolls of blinking {unknown}
 j - 5 scrolls of remove curse {unknown}
 k - a scroll of immolation {unknown}
 l - a scroll of amnesia {unknown}
 m - a scroll of enchant weapon {unknown}
Comestibles
 c - 3 rations


   Skills:
 + Level 3.7 Fighting
 * Level 2.7 Axes
 + Level 2.6 Armour
 * Level 2.0 Dodging
 + Level 2.8 Invocations


You had 3 spell levels left.
You didn't know any spells.
Your spell library was empty.

Dungeon Overview and Level Annotations

Branches:
Dungeon (5/15)             Temple (0/1) D:4

Altars:
Dithmenos

Annotations:
D:3 Mgcat's ghost, amateur SpEn
D:4 Mgcat's ghost, amateur DEEn


Innate Abilities, Weirdness & Mutations

You are resistant to torment.
Your stone body is resilient. (AC +3)
You are immune to poison.
You resist negative energy. (rN+)
You are resistant to electric shocks. (rElec)
You can survive without breathing.
You are immune to petrification.
You are immune to rotting.


Message History

You hit the hound but do no damage. The worker ant barely misses you.
The hound bites you. The worker ant bites you.
You barely miss the worker ant.
The worker ant is severely wounded.
You closely miss the hound. The hound misses you.
The hound bites you but does no damage.
The worker ant bites you but does no damage.
You closely miss the worker ant.
The worker ant is severely wounded.
You barely miss the hound. The hound bites you.
* * * LOW HITPOINT WARNING * * *
The worker ant bites you.
* * * LOW HITPOINT WARNING * * *
The hound bites you but does no damage.
You closely miss the worker ant.
The worker ant is severely wounded.
You hit the hound. The worker ant bites you.
* * * LOW HITPOINT WARNING * * *
The hound bites you but does no damage. The worker ant bites you.
You die...

...# #...#
#####....#
.>#.....#
......#
.....#
#.h.#
#@..#
##a.# ..#
#..# #..#
#..# #.!#
#..


You could see a hound and a worker ant.

Vanquished Creatures
  Robin (D:1)
  An adder (D:2)
  2 oozes
  A worm (D:2)
  3 dart slugs
  2 leopard geckos
  An orc (D:4)
  A ball python (D:1)
  4 bats
  5 giant cockroaches
  13 goblins
  9 hobgoblins
  3 jackals (D:1)
  6 kobolds
  A quokka (D:2)
  A frilled lizard (D:1)
  6 rats
60 creatures vanquished.

Notes
Turn   | Place    | Note
-------+----------+-------------------------------------------
     0 | Abyss:1  | Borgoz the Gargoyle Abyssal Knight began the quest for the Orb.
     0 | Abyss:1  | Reached XP level 1. HP: 14/14 MP: 2/2
    49 | Abyss:1  | Noticed a large abomination
    49 | D:1      | Escaped the Abyss
   149 | D:1      | Reached * piety under Lugonu
   149 | D:1      | Reached skill level 1 in Dodging
   153 | D:1      | Reached XP level 2. HP: 16/19 MP: 3/3
   367 | D:1      | Reached XP level 3. HP: 16/23 MP: 4/4
   807 | D:2      | Reached ** piety under Lugonu
   851 | D:2      | Noticed Robin
  1091 | D:1      | Killed Robin
  1091 | D:1      | Reached XP level 4. HP: 13/28 MP: 5/5
  1422 | D:2      | Found a shadowy altar of Dithmenos.
  1997 | D:3      | Noticed Mgcat's ghost (amateur SpEn)
  2102 | D:3      | You fall through a shaft!
  2275 | D:4      | Found a staircase to the Ecumenical Temple.
  2292 | D:4      | Noticed Mgcat's ghost (amateur DEEn)
  2307 | D:5      | Entered Level 5 of the Dungeon
  2311 | D:5      | HP: 1/29 [hound (3)]
  2317 | D:5      | Slain by a worker ant

Vault maps used:
D:1:      tarquinn_simple_flora_water_c, hex_large, minmay_misc_feat_iff
D:2:      old_standard_altar, uniq_robin
D:3:      chequers_temple_overflow_statue_of_worship, serial_bayou_crossing
D:4:      minmay_temple_entry_large_hall
D:5:      kennysheep_little_box, first_ration, uniq_duvessa

Skill      XL: |  1  2  3  4 |
---------------+-------------+-----
Axes           | 2 |  2.7
Dodging        | 1 2 |  2.0
Fighting       | |  3.7
Armour         | |  2.6
Invocations    | |  2.8

Action                   |  1- 3 |  4- 6 || total
-------------------------+-------+-------++-------
Melee: Hand axe          |   103 |   106 ||   209
Invok: Depart the Abyss  |     1 |       ||     1
  Use: Potion            |       |     4 ||     4
  Eat: Chunk             |       |     3 ||     3
Armor: Leather armour    |    63 |     4 ||    67
       Animal skin       |       |    46 ||    46
Dodge: Dodged            |    69 |    79 ||   148

Table legend:
 A = Spawn XP
 B = Non-spawn XP
 C = Spawn XP percentage of total XP
 D = Spawn monster count
 E = Non-spawn monster count
 F = Spawn count percentage of total count
 G = Total turns spent on level
                    A         B        C        D         E        F      G
               +---------+---------+-------+---------+---------+-------+---------
         Total |       0 |     151 |   0.0 |       0 |      60 |   0.0 |  2317
               +---------+---------+-------+---------+---------+-------+---------
           D:1 |       0 |      71 |   0.0 |       0 |      30 |   0.0 |  1203
           D:2 |       0 |      67 |   0.0 |       0 |      26 |   0.0 |   764
           D:3 |       0 |       8 |   0.0 |       0 |       2 |   0.0 |    86
           D:4 |       0 |       5 |   0.0 |       0 |       2 |   0.0 |   205
               +---------+---------+-------+---------+---------+-------+---------
